 Dungeon Crawl Stone Soup version 0.28.0 (webtiles) character file.

Game seed: 10697427363593420515

203 browni3141 the Chopper (level 5, -1/47 HPs)
             Began as a Minotaur Berserker on Feb 10, 2022.
             Was a Believer of Trog.
             Slain by an orc wizard (3 damage)
             ... on level 4 of the Dungeon.
             The game lasted 00:00:38 (696 turns).

browni3141 the Chopper (Minotaur Berserker)          Turns: 696, Time: 00:00:38

Health: -1/47      AC:  2    Str: 24    XL:     5   Next: 51%
Magic:  4/4        EV: 12    Int:  4    God:    Trog [**....]
Gold:   9          SH:  0    Dex:  9    Spells: 4/4 levels left

rFire   . . .      SeeInvis .   a - +0 hand axe
rCold   . . .      Faith    .   (no shield)
rNeg    . . .      Spirit   .   b - +0 animal skin
rPois   .          Reflect  .   (helmet restricted)
rElec   .          Harm     .   (no cloak)
rCorr   .          Rampage  .   (no gloves)
Will    .....                   (no boots)
Stlth   +.........              (no amulet)
HPRegen 0.15/turn               (no ring)
MPRegen 0.09/turn               (no ring)

@: on berserk cooldown, slowed, very slow
A: horns 2, retaliatory headbutt
a: Renounce Religion, Berserk, Trog's Hand


You were on level 4 of the Dungeon.
You worshipped Trog.
Trog was pleased with you.
You visited 1 branch of the dungeon, and saw 4 of its levels.

You collected 9 gold pieces.

Inventory:

Hand Weapons
 a - a +0 hand axe (weapon)
Armour
 b - a +0 animal skin (worn)
Scrolls
 c - a scroll of blinking {unknown}
Potions
 d - 2 potions of degeneration {unknown}


   Skills:
 + Level 4.9 Fighting
 + Level 4.9 Axes
 + Level 4.0 Armour
 + Level 3.6 Dodging


You had 4 spell levels left.
You didn't know any spells.
Your spell library was empty.

Dungeon Overview and Level Annotations

Branches:
Dungeon (4/15)
 Temple: D:4-7

Altars:


Innate Abilities, Weirdness & Mutations

You have a pair of horns on your head.
You reflexively headbutt those who attack you in melee.


Message History

You are confused.
You are no longer berserk.
You are exhausted.
You feel yourself slow down.
You are too confused!
You are too confused!
An ogre comes into view. It is wielding a +0 giant club.
You hear some strange, mumbled words.
A magic dart appears from out of thin air!
The magic dart hits you.
Things that are here:
a +0 hand axe; an orc corpse You are too confused!
You miss something. You headbutt something. You closely miss the ogre.
Something hits you but does no damage. The ogre completely misses you.
Something hits you.
You are too confused!
You completely miss something. You hit the ogre but do no damage.
You feel less confused. The ogre hits you with a +0 giant club!
Something hits you.
You hit the ogre. Your headbutt misses the ogre.
The ogre is moderately wounded.
You closely miss something. The ogre hits you with a +0 giant club!
Something hits you.
* * * LOW HITPOINT WARNING * * *
Something hits you.
* * * LOW HITPOINT WARNING * * *
The ogre closely misses you.
You hit something. You hit the ogre but do no damage. Something hits you.
* * * LOW HITPOINT WARNING * * *
The ogre misses you. You furiously retaliate!
You headbutt the ogre, but do no damage.
Something hits you.
* * * LOW HITPOINT WARNING * * *
You are too injured to fight recklessly!
You barely miss something. You hit the ogre.
The ogre hits you with a +0 giant club.
* * * LOW HITPOINT WARNING * * *
Something hits you.
You die...

....# #..# # #...# ..#
#.### #...# ..## #....
#.<.# .(..
......######...######...
?(..$.#.............#.##
........................
...#.#O............#.#.
# # #@###.....#####...
#{# #.....# #..) #S#
#.....# ###) #o# #.....#
#. #.# #.....# #### #.#
###.### #... ..# #.#
#.## ########.# #.##
♣..(.....#######.##


You could see an ogre, an orc and a ball python.

Vanquished Creatures
  A scorpion (D:4)
  2 hounds (D:4)
  2 orc priests (D:4)
  A dart slug (D:4)
  6 orcs (D:4)
  An endoplasm (D:3)
  A giant cockroach (D:4)
  2 goblins (D:4)
  A hobgoblin (D:4)
  A quokka (D:4)
  2 ball pythons (D:4)
20 creatures vanquished.

Vanquished Creatures (others)
  A plant (D:4)
1 creature vanquished.

Grand Total: 21 creatures vanquished

Notes
Turn   | Place    | Note
-------+----------+-------------------------------------------
     0 | D:1      | browni3141 the Minotaur Berserker began the quest for the
                  | Orb.
     0 | D:1      | Reached XP level 1. HP: 19/19 MP: 0/0
   220 | D:4      | Noticed a scorpion
   227 | D:4      | Reached XP level 2. HP: 27/27 MP: 1/1
   233 | D:4      | Killed a scorpion
   234 | D:4      | Reached XP level 3. HP: 21/34 MP: 2/2
   234 | D:4      | Reached XP level 4. HP: 26/41 MP: 3/3
   554 | D:4      | Reached XP level 5. HP: 47/47 MP: 4/4
   685 | D:4      | Reached ** piety under Trog
   691 | D:4      | Noticed an ogre
   696 | D:4      | HP: 2/47 [ogre (3)]
   696 | D:4      | Slain by an orc wizard

Illustrated notes

Levels and vault maps discovered:
D:1:      amcnicky_arrival_choice, layout_loops_ring, serial_forest,
          infiniplex_forest_zigzag_1, infiniplex_forest_split,
          infiniplex_forest_end_1, infiniplex_forest_straight_1,
          infiniplex_forest_lined_1, infiniplex_forest_corner_1,
          infiniplex_forest_lined_2, infiniplex_forest_clump_diagonal,
          infiniplex_forest_clump_small, infiniplex_forest_end_2,
          hellmonk_ecumenical_altar_zigzags, amethyst_killhole
D:2:      layout_loops_ring
D:3:      layout_loops_corners, serial_shops, nicolae_shop_window_shopping,
          grunt_ministairs_5, uniq_ijyb, uniq_sigmund
D:4:      layout_loops_cross, chequers_temple_overflow_statue_of_worship,
          minmay_temple_entry_poolview, serial_bayou_lake_a

Skill      XL: |  1  2  3  4  5 |
---------------+----------------+-----
Fighting       | 4 |  4.9
Axes           | 4 |  4.9
Armour         | 3 4 |  4.0
Dodging        | 3 |  3.6

Action                   |  1- 3 |  4- 6 || total
-------------------------+-------+-------++-------
Melee: Hand axe          |    18 |    34 ||    52
       Punch             |     1 |       ||     1
       Headbutt          |     2 |     6 ||     8
Invok: Berserk           |     1 |     1 ||     2
 Stab: Sleeping          |     1 |       ||     1
Armor: Animal skin       |     1 |     3 ||     4
Dodge: Dodged            |     7 |    24 ||    31
